 Dungeon Crawl Stone Soup version 0.19.0-2-gae57169 (webtiles) character file.

6549 MTVSty1e the Fighter (level 10, -2/86 HPs)
             Began as a Minotaur Fighter on Nov 6, 2016.
             Was a High Priest of Okawaru.
             Slain by an orc warrior
             ... wielding a +0 halberd
              (7 damage)
             ... in a bailey.
             The game lasted 00:25:50 (7979 turns).

MTVSty1e the Fighter (Minotaur Fighter)             Turns: 7979, Time: 00:25:51

Health: -2/86      AC: 16    Str: 23    XL:     10   Next: 70%
Magic:  21/21      EV: 10    Int:  5    God:    Okawaru [*****.]
Gold:   534        SH:  0    Dex: 11    Spells: 0 memorised, 9 levels left

rFire  . . .     SeeInvis .     J - +0 halberd
rCold  . . .     Gourm    .     R - +0 plate armour
rNeg   . . .     Faith    .     (shield currently unavailable)
rPois  .         Spirit   .     (helmet restricted)
rElec  .         Reflect  .     s - +0 cloak
rCorr  .         Harm     .     g - +0 pair of gloves
MR     .....                    (no boots)
Stlth  ..........               N - amulet of regeneration
                                (no ring)
                                l - ring of magical power

@: no status effects
A: retaliatory headbutt, horns 2, frail 1, wild magic 1, sturdy frame 1
a: Heroism, Finesse, Renounce Religion


You were in a bailey.
You worshipped Okawaru.
Okawaru was extremely pleased with you.
You were not hungry.

You visited 2 branches of the dungeon, and saw 10 of its levels.
You also visited: Sewer and Bailey.

You collected 534 gold pieces.

Inventory:

Hand Weapons
 a - a +0 war axe
 b - a +1 scimitar of flaming
 J - a +0 halberd (weapon)
Missiles
 L - 2 curare-tipped needles
Armour
 g - a +0 pair of gloves (worn)
 q - a +0 shield
 s - a +0 cloak (worn)
 u - a cursed +0 scale mail
 M - a +1 ring mail of poison resistance
 R - a +0 plate armour (worn)
Jewellery
 l - a ring of magical power (left hand)
 N - an amulet of regeneration (around neck)
Wands
 y - a wand of disintegration (3/24)
 F - a wand of flame (21/48)
Scrolls
 d - a scroll of fog
 e - 6 scrolls of identify
 i - 2 scrolls of remove curse
 j - 2 scrolls of noise
 m - a scroll of magic mapping
 n - 2 scrolls of random uselessness {unknown}
 p - 3 scrolls of fear {unknown}
 t - a scroll of blinking {unknown}
 A - 4 scrolls of teleportation {unknown}
 B - 3 scrolls of enchant armour {unknown}
 H - a scroll of acquirement {unknown}
 O - a scroll of recharging {unknown}
 P - a scroll of amnesia {unknown}
Potions
 c - a potion of berserk rage {unknown}
 f - a potion of invisibility {unknown}
 h - 4 potions of curing
 k - 4 potions of heal wounds
 o - 2 potions of resistance {unknown}
 r - 4 potions of lignification {unknown}
 v - a potion of agility {unknown}
 w - a potion of degeneration {unknown}
 z - a potion of mutation {unknown}
 C - 2 potions of might
 D - 2 potions of brilliance {unknown}
 E - 4 potions of flight {unknown}
 K - a potion of cure mutation {unknown}
 Q - a potion of beneficial mutation {unknown}
Books
 G - a book of Necromancy

   Spells                             Type                      Level
   a - Pain                           Necromancy                   1
   b - Animate Skeleton               Necromancy                   1
   c - Vampiric Draining              Necromancy                   3
   d - Regeneration                   Charms/Necromancy            3
   e - Animate Dead                   Necromancy                   4
   f - Control Undead                 Necromancy                   4
 I - a book of Geomancy

   Spells                             Type                      Level
   a - Sandblast                      Earth                        1
   b - Passwall                       Transmutation/Earth          2
   c - Stone Arrow                    Conjuration/Earth            3
   d - Petrify                        Transmutation/Earth          4
   e - Lee's Rapid Deconstruction     Earth                        5
Comestibles
 x - 2 fruits


   Skills:
 * Level 11.5 Fighting
 + Level 8.1 Axes
 + Level 8.2 Armour
 + Level 6.2 Dodging
 + Level 8.1 Shields
 + Level 5.0 Evocations


You had 9 spell levels left.
You didn't know any spells.

Dungeon Overview and Level Annotations

Branches:
Dungeon (9/15)             Temple (1/1) D:4            Lair (0/6) D:9
    Orc (0/2) D:9

Altars:
Ashenzari
Cheibriados
Dithmenos
Elyvilon
Fedhas
Gozag
Hepliaklqana
Kikubaaqudgha
Makhleb
Okawaru
Qazlal
Ru
Sif Muna
Trog
Uskayaw
Vehumet
Xom
Yredelemnul
Zin
The Shining One


Innate Abilities, Weirdness & Mutations

You reflexively headbutt those who attack you in melee.
You have a pair of horns on your head.
You are frail. (-10% HP)
Your spells are a little harder to cast, but a little more powerful.
Your movements are slightly less encumbered by armour. (ER -2)


Message History

The orc warrior barely misses you.
The orc warrior hits you from afar with a halberd!!
Attack whom?
Press: ? - help, Dir - move target cursor, f/p - orc knight
Aim: an orc knight, wielding a halberd and wearing a crystal plate armour You reach to attack!
You barely miss the orc knight. The orc knight closely misses you.
The orc warrior hits you but does no damage.
The orc warrior hits you from afar with a glaive!!
* * * LOW HITPOINT WARNING * * *
You feel much better.
The orc knight hits you from afar with a halberd!
* * * LOW HITPOINT WARNING * * *
The orc warrior hits you from afar with a halberd!
* * * LOW HITPOINT WARNING * * *
The orc warrior hits you from afar with a glaive.
* * * LOW HITPOINT WARNING * * *
The orc knight barely misses you.
The orc warrior hits you from afar with a halberd!
You die...

##.........## ##..≈≈≈≈≈≈≈..##
##..≈≈.....≈≈..##
######..≈≈..###..≈≈..##########
.......≈≈..## ##..≈≈..........#
≈≈≈≈≈≈≈≈..##.∩.##..≈≈≈≈≈≈≈≈≈≈.#
.........## ... ##..........≈.#
#############+###'#########.≈.#
## #.....§§@.# ##.≈.# .##
..≈≈≈§§≈§..# ##..≈.# ..##
§≈≈..ooo§§..# ##.)≈≈.# ≈..#
≈≈..⌠⌠⌠oo≈≈..# #..≈≈.∩# ≈.%#
§§...⌠.§§§§..#+#..≈≈.## ..##
.≈≈§§§§§§§..##.##..≈≈.# .##
..≈≈§≈§§§§.'#...##..≈.# ##.$$
#........§##.....##[≈.# #####
##########.≈.#


You could see an orc knight and 3 orc warriors.

Vanquished Creatures
  Erica (D:9)
  Pikel (D:8)
  Psyche (D:8)
  The ghost of lorenzova the Thaumaturge, a novice DECj of Vehumet (D:5)
  6 yaks (D:9)
  Grum (D:8)
  4 orc warriors
  2 black bears
  2 sky beasts
  8 ogres
  2 wolves (D:8)
  A crocodile (D:8)
  4 centaurs
  4 big kobolds
  2 bullfrogs
  A gnoll sergeant (D:7)
  5 killer bees (D:8)
  3 howler monkeys (D:8)
  7 crimson imps
  2 orc priests (D:8)
  2 hounds
  2 jellies
  A bullfrog skeleton (D:7)
  2 iguanas
  9 worker ants
  2 killer bee zombies
  3 gnolls (D:4)
  A howler monkey skeleton (D:8)
  7 river rats (Sewer)
  12 adders
  4 shadow imps
  2 oozes
  2 adder skeletons
  An adder zombie (D:7)
  A worm (D:4)
  5 dart slugs
  4 leopard geckos
  17 orcs
  8 ball pythons
  3 bats
  3 giant cockroaches
  7 hobgoblins
  4 jackals (D:8)
  33 kobolds
  4 quokkas
  4 frilled lizards
  15 goblins
  A jackal zombie (D:6)
  30 rats
247 creatures vanquished.

Vanquished Creatures (others)
  A kobold (D:8)
1 creature vanquished.

Grand Total: 248 creatures vanquished

Notes
Turn   | Place    | Note
-------+----------+-------------------------------------------
     0 | D:1      | MTVSty1e the Minotaur Fighter began the quest for the Orb.
     0 | D:1      | Reached XP level 1. HP: 19/19 MP: 0/0
   157 | D:1      | Reached XP level 2. HP: 24/27 MP: 1/1
   326 | D:1      | Reached skill level 4 in Fighting
   719 | D:2      | Reached XP level 3. HP: 33/33 MP: 2/2
  1150 | D:3      | Reached skill level 1 in Dodging
  1221 | D:3      | Reached XP level 4. HP: 38/41 MP: 3/3
  1286 | D:3      | Reached skill level 5 in Fighting
  1971 | D:4      | Found a glowing golden altar of the Shining One.
  2012 | D:4      | Reached XP level 5. HP: 48/48 MP: 4/4
  2032 | D:4      | Noticed an ogre
  2039 | D:4      | Killed an ogre
  2050 | D:4      | Reached skill level 6 in Fighting
  2081 | D:4      | Found a staircase to the Ecumenical Temple.
  2086 | Temple   | Entered the Ecumenical Temple
  2125 | Temple   | Became a worshipper of Warmaster Okawaru
  2221 | D:4      | Found a sacrificial altar of Ru.
  2283 | D:4      | Found a snail-covered altar of Cheibriados.
  2338 | D:4      | Found a hide-covered altar of Uskayaw.
  2661 | D:5      | Entered Level 5 of the Dungeon
  2663 | D:5      | Reached XP level 6. HP: 51/57 MP: 5/5
  2673 | D:5      | Noticed lorenzova's ghost (novice DECj)
  2688 | D:5      | Killed lorenzova's ghost
  2688 | D:5      | Reached skill level 1 in Evocations
  2688 | D:5      | Reached XP level 7. HP: 39/64 MP: 6/6
  2730 | D:5      | Found a shimmering altar of Xom.
  2741 | D:5      | Reached skill level 5 in Armour
  3002 | D:5      | Found a glowing drain.
  3011 | D:5      | Reached skill level 7 in Fighting
  3030 | Sewer    | Entered a sewer
  3119 | Sewer    | Reached skill level 5 in Shields
  3189 | Sewer    | Reached * piety under Okawaru
  4141 | D:6      | Found a radiant altar of Vehumet.
  4274 | D:6      | Reached XP level 8. HP: 63/73 MP: 8/8
  4292 | D:6      | Reached skill level 5 in Axes
  4434 | D:6      | Reached skill level 8 in Fighting
  4504 | D:6      | Reached ** piety under Okawaru
  4607 | D:6      | You fall through a shaft for 2 floors!
  5647 | D:7      | Reached skill level 9 in Fighting
  5725 | D:7      | Reached XP level 9. HP: 38/83 MP: 10/10
  5929 | D:7      | Gained mutation: Your spells are a little harder to cast, but a little more powerful. [mutagenic meat]
  5930 | D:7      | Gained mutation: Your movements are slightly less encumbered by armour. (ER -2) [mutagenic meat]
  5931 | D:7      | Gained mutation: You are frail. (-10% HP) [mutagenic meat]
  6045 | D:7      | Found a stormy altar of Qazlal.
  6576 | D:8      | Noticed Psyche
  6583 | D:8      | Killed Psyche
  6583 | D:8      | Reached *** piety under Okawaru
  6687 | D:8      | Noticed Grum
  6698 | D:8      | Reached skill level 5 in Dodging
  6701 | D:8      | Killed Grum
  6701 | D:8      | Reached skill level 10 in Fighting
  6717 | D:8      | Noticed Pikel
  6737 | D:8      | Received a gift from Okawaru
  6744 | D:8      | Killed Pikel
  6882 | D:8      | Reached XP level 10. HP: 69/84 MP: 12/12
  6931 | D:8      | Reached **** piety under Okawaru
  7201 | D:9      | Noticed Erica
  7209 | D:9      | Killed Erica
  7211 | D:9      | Reached skill level 11 in Fighting
  7219 | D:9      | Reached ***** piety under Okawaru
  7438 | D:9      | Reached skill level 5 in Evocations
  7464 | D:9      | Found a flagged portal.
  7482 | Bailey   | Entered a bailey
  7847 | Bailey   | Noticed an orc knight
  7979 | Bailey   | Slain by an orc warrior

Skill      XL: |  1  2  3  4  5  6  7  8  9 10 |
---------------+-------------------------------+-----
Fighting       | 4 5 6 7 9 10 11 | 11.5
Armour         | 4 5 6 7 8 |  8.2
Dodging        | 1 2 3 4 5 6 |  6.2
Axes           | 3 4 5 7 8 |  8.1
Shields        | 4 5 6 7 8 |  8.1
Evocations     | 1 2 3 4 5 |  5.0

Action                   |  1- 3 |  4- 6 |  7- 9 | 10-12 || total
-------------------------+-------+-------+-------+-------++-------
Melee: War axe           |    72 |    81 |   356 |    96 ||   605
       Headbutt          |     7 |    10 |    65 |    14 ||    96
       Halberd           |       |       |       |     3 ||     3
Invok: Heroism           |       |       |     5 |     1 ||     6
Evoke: Wand              |       |       |       |     7 ||     7
  Use: Potion            |       |     2 |     4 |     4 ||    10
       Scroll            |       |       |     1 |     5 ||     6
  Eat: Bread ration      |     1 |     1 |     1 |     1 ||     4
       Fruit             |       |       |     2 |       ||     2
       Royal jelly       |       |       |     1 |       ||     1
       Chunk             |       |       |     3 |       ||     3
       Meat ration       |       |       |     1 |       ||     1
Armor: Scale mail        |    31 |    26 |   128 |     2 ||   187
       Ring mail         |       |       |       |    42 ||    42
       Plate armour      |       |       |       |     3 ||     3
Dodge: Dodged            |    16 |    28 |   132 |    96 ||   272
Block: Shield            |    32 |    40 |   221 |   117 ||   410
